 Dungeon Crawl Stone Soup version 0.24.0-13-gcf9b3192b9 (webtiles) character file.

Game seed: 17057801126520378642, levelgen mode: deterministic

178 H0rd4k the Charlatan (level 5, -5/38 HPs)
             Began as a Human Artificer on Nov 7, 2019.
             Killed by nerve-wracking pain
             ... invoked by an orc priest
              (10 damage)
             ... on level 4 of the Dungeon.
             The game lasted 00:03:36 (2840 turns).

H0rd4k the Charlatan (Human Artificer)              Turns: 2840, Time: 00:03:37

Health: -5/38      AC:  6    Str: 14    XL:     5   Next: 89%
Magic:  7/7        EV: 12    Int: 11    God:
Gold:   199        SH:  0    Dex: 13    Spells: 4/4 levels left

rFire    . . .     SeeInvis .   a - +0 short sword
rCold    . . .     Gourm    .   (no shield)
rNeg     . . .     Faith    .   b - +0 leather armour
rPois    .         Spirit   .   t - +0 helmet
rElec    .         Reflect  .   (no cloak)
rCorr    .         Harm     .   i - +0 pair of gloves
MR       .....                  m - +0 pair of boots
Stlth    ++........             (no amulet)
HPRegen  0.12/turn              (no ring)
MPRegen  0.10/turn              (no ring)

@: no status effects
A: no striking features
a: no special abilities


You were on level 4 of the Dungeon.
You were hungry.

You visited 1 branch of the dungeon, and saw 4 of its levels.

You collected 199 gold pieces.

Inventory:

Hand Weapons
 a - a +0 short sword (weapon)
Missiles
 x - 3 poisoned darts (quivered)
Armour
 b - a +0 leather armour (worn)
 i - a +0 pair of gloves (worn)
 m - a +0 pair of boots (worn)
 t - a +0 helmet (worn)
Wands
 c - a wand of flame (7)
 d - a wand of enslavement (13)
 e - a wand of random effects (15)
Scrolls
 g - 2 scrolls of remove curse {unknown}
 l - 2 scrolls of noise {unknown}
 n - 2 scrolls of enchant weapon {unknown}
 o - 3 scrolls of identify {unknown}
 p - 2 scrolls of teleportation {unknown}
 q - a scroll of amnesia {unknown}
 v - a scroll of magic mapping {unknown}
 w - a scroll of enchant armour {unknown}
 y - a scroll of fear {unknown}
Potions
 h - a potion of agility {unknown}
 j - a potion of ambrosia {unknown}
 k - a potion of heal wounds {unknown}
 r - 2 potions of degeneration {unknown}
 s - 2 potions of flight {unknown}
 u - 2 potions of curing {unknown}
Comestibles
 f - 17 rations


   Skills:
 + Level 1.9 Fighting
 + Level 2.9 Short Blades
 + Level 1.6 Armour
 + Level 2.9 Dodging
 + Level 1.6 Stealth
 + Level 3.7 Evocations


You had 4 spell levels left.
You didn't know any spells.
Your spell library was empty.

Dungeon Overview and Level Annotations

Branches:
Dungeon (4/15)             Temple (0/1) D:4

Altars:

Annotations:
D:3 exclusion: downstairs


Message History

The orc misses you.
Press: ? - help, v - describe, . - travel
Here: an orc, wielding a +0 dagger of electrocution and wearing a +0 ring mail (heavily wounded)
The floor.
Evoke which item? (* to show all) (? for menu, Esc to quit)
Aiming: Enslavement
Press: ? - help, Shift-Dir - straight line, f - orc
Aim: an orc, wielding a +0 dagger of electrocution and wearing a +0 ring mail (heavily wounded, chance to defeat MR: 73%)
The orc is charmed.
The orc throws a boomerang.
The boomerang hits your orc.
Your orc dies!
The weapon returns to the orc!
Evoke which item? (* to show all) (? for menu, Esc to quit)
Aiming: Throw Flame
Press: ? - help, Shift-Dir - straight line, f - orc
Aim: an orc, wielding a +0 dagger and wearing a +0 ring mail The puff of flame hits the orc!
You kill the orc!
The orc priest mumbles some strange prayers to Beogh against you.
Pain shoots through your body!
You die...

..# #.# ..# #.# ..### #.#
..'.# #.# ..#.###### #.#
..#......####.###
..####..........#
######..........#####.####
................@))o......
.#####...##.)...#####..#..
.# #.............# ... .#
#.#.##..#.###.## . .#
##.#............#.
.####.......##.###....
>..[.................
######...#......... ..
#......##..##....


You could see an orc priest.

Vanquished Creatures
  A gnoll shaman (D:3)
  A gnoll (D:3)
  4 adders
  An ooze (D:2)
  2 worms
  4 dart slugs
  2 leopard geckos
  An orc (D:4)
  9 bats
  4 giant cockroaches
  7 goblins
  10 hobgoblins
  5 jackals
  3 quokkas
  6 frilled lizards
  8 kobolds
  A quokka skeleton (D:4)
  7 rats
76 creatures vanquished.

Vanquished Creatures (collateral kills)
  A gnoll (D:3)
1 creature vanquished.

Vanquished Creatures (others)
  A gnoll (D:3)
  An orc (D:4)
2 creatures vanquished.

Grand Total: 79 creatures vanquished

Notes
Turn   | Place    | Note
-------+----------+-------------------------------------------
     0 | D:1      | H0rd4k the Human Artificer began the quest for the Orb.
     0 | D:1      | Reached XP level 1. HP: 15/15 MP: 3/3
   270 | D:1      | Reached XP level 2. HP: 20/21 MP: 4/4
   461 | D:1      | Reached XP level 3. HP: 19/26 MP: 5/5
  1049 | D:2      | Reached skill level 1 in Armour
  1049 | D:2      | Reached XP level 4. HP: 21/32 MP: 6/6
  1854 | D:3      | Reached XP level 5. HP: 28/37 MP: 7/7
  2690 | D:4      | Noticed an ogre
  2811 | D:4      | Found a staircase to the Ecumenical Temple.
  2840 | D:4      | Killed from afar by an orc priest

Levels and vault maps discovered:
D:1:      dpeg_arrival_brainrot, layout_basic, minmay_close_crescents
D:2:      layout_basic, serial_park_tiny_2, nrook_mini_vaults
D:3:      cheibrodos_helix_gallery, layout_basic, first_ration
D:4:      layout_basic, lemuel_coloured_pillars_altar, temple_green,
          portal_sewer_entry_d, gammafunk_ghost_smash, serial_shops,
          kennysheep_mini_moat

Skill      XL: |  1  2  3  4 |
---------------+-------------+-----
Armour         | 1 |  1.6
Short Blades   | 2 |  2.9
Fighting       | |  1.9
Dodging        | |  2.9
Stealth        | |  1.6
Evocations     | |  3.7

Action                   |  1- 3 |  4- 6 || total
-------------------------+-------+-------++-------
Melee: Short sword       |   117 |   192 ||   309
Evoke: Wand              |     1 |     9 ||    10
 Stab: Sleeping          |     1 |     2 ||     3
  Eat: Chunk             |       |     6 ||     6
Armor: Leather armour    |    37 |    51 ||    88
Dodge: Dodged            |    75 |    98 ||   173
